 Dungeon Crawl Stone Soup version 0.23.2-1-ga50397a6bc (webtiles) character file.

Game seed: 1880621658841785880

4 MisterOstroum the Grasshopper (level 1, -2/11 HPs)
             Began as a Spriggan Warper on May 20, 2019.
             Slain by a jackal (3 damage)
             ... on level 1 of the Dungeon.
             The game lasted 00:00:44 (87 turns).

MisterOstroum the Grasshopper (Spriggan Warper)       Turns: 87, Time: 00:00:44

Health: -2/11      AC:  2    Str:  7    XL:     1   Next: 50%
Magic:  5/5        EV: 18    Int: 14    God:
Gold:   0          SH:  0    Dex: 15    Spells: 5/5 levels left

rFire    . . .     SeeInvis +   a - +0 short sword
rCold    . . .     Gourm    .   (shield restricted)
rNeg     . . .     Faith    .   b - +0 robe
rPois    .         Spirit   .   (helmet restricted)
rElec    .         Reflect  .   (no cloak)
rCorr    .         Harm     .   (gloves unavailable)
MR       .....                  (boots unavailable)
Stlth    +.........             (no amulet)
HPRegen  0.03/turn              (no ring)
MPRegen  0.09/turn              (no ring)

@: very quick
A: very small, unfitting armour, see invisible, herbivore, speed 3, slow
metabolism 2
a: no special abilities


You were on level 1 of the Dungeon.
You were not hungry.

You visited 1 branch of the dungeon, and saw 1 of its levels.

Inventory:

Hand Weapons
 a - a +0 short sword (weapon)
Armour
 b - a +0 robe (worn)
Scrolls
 d - a scroll of blinking {@r4}
Comestibles
 e - 2 rations


   Skills:
 + Level 1.7 Fighting
 + Level 2.4 Short Blades
 - Level 1.0 Throwing
 - Level 3.5 Dodging
 - Level 2.6 Spellcasting
   Level 4.4 Translocations


You had 5 spell levels left.
You didn't know any spells.
Your spell library contained the following spells:

 Spells                   Type           Power        Failure   Level  Hunger
 Blink                    Tloc           N/A          5%          2    ###....
 Gell's Gravitas          Tloc           ##........   11%         3    ###....
 Lesser Beckoning         Tloc           ##........   11%         3    ###....
 Teleport Other           Tloc           ##......     11%         3    ###....
 Shroud of Golubria       Chrm/Tloc      #.........   14%         2    ###....
 Passage of Golubria      Tloc           N/A          36%         4    #####..


Dungeon Overview and Level Annotations

Branches:
Dungeon (1/15)

Altars:


Innate Abilities, Weirdness & Mutations

You are very small and have problems with some larger weapons.
You are too small for most types of armour.
You have supernaturally acute eyesight. (SInv)
You are a herbivore.
You cover ground extremely quickly.
You need to consume almost no food.


Message History

Throwing (i - inventory)
f - 5 tomahawks of dispersal (quivered)
Press: ? - help, Shift-Dir - straight line, f - goblin
Aim: a goblin (resting)
You throw a tomahawk of dispersal.
The tomahawk of dispersal hits the goblin.
The goblin blinks!
You feel a bit more experienced.
Found a goblin corpse. 2 frilled lizards come into view.
Throwing (i - inventory)
f - 4 tomahawks of dispersal (quivered)
Press: ? - help, Shift-Dir - straight line, f - frilled lizard
Aim: a frilled lizard (resting)
You throw a tomahawk of dispersal.
The tomahawk of dispersal hits the frilled lizard!
The frilled lizard blinks!
You feel a bit more experienced.
Unknown command.
Throwing (i - inventory)
f - 3 tomahawks of dispersal (quivered)
Press: ? - help, Shift-Dir - straight line, f - frilled lizard
Aim: a frilled lizard (hasn't noticed you)
You throw a tomahawk of dispersal.
The tomahawk of dispersal misses the frilled lizard.
The frilled lizard hisses angrily.
Unknown command.
Throwing (i - inventory)
f - 2 tomahawks of dispersal (quivered)
Press: ? - help, Shift-Dir - straight line, f/p - frilled lizard
Aim: a frilled lizard You throw a tomahawk of dispersal.
The tomahawk of dispersal closely misses the frilled lizard.
Throwing (i - inventory)
f - a tomahawk of dispersal (quivered)
Press: ? - help, Shift-Dir - straight line, f/p - frilled lizard
Aim: a frilled lizard You throw a tomahawk of dispersal.
The tomahawk of dispersal closely misses the frilled lizard.
You hit the frilled lizard.
You kill the frilled lizard!
No target in view!
No target in view!
You see here a frilled lizard corpse.
Found a frilled lizard corpse.
You see here a frilled lizard corpse.
You open the door.
There is an open door here.
e - 2 rations (gained 1)
A rat comes into view.
A rat is nearby!
You don't know any spells.
You hit the rat.
You kill the rat!
No target in view!
No target in view!
You see here a rat corpse.
Found 17 stones.
A kobold comes into view. It is wielding a +0 dagger.
Found 11 poisoned needles.
A kobold is nearby!
A kobold and a dart slug come into view.
A jackal and a kobold come into view.
The jackal barks!
The kobold shouts!
You hear a bark!
A jackal comes into view.
The kobold hits you with a +0 dagger.
You hit the kobold.
You kill the kobold!
A bat comes into view.
The bat moves out of view.
The kobold hits you but does no damage.
You barely miss the kobold. The kobold barely misses you.
You hit the jackal but do no damage. The jackal completely misses you.
The kobold hits you but does no damage.
You hit the jackal.
The jackal is heavily wounded.
The bat closely misses you. The kobold misses you. The bat closely misses you.
The kobold hits you but does no damage.
You barely miss the jackal.
The jackal is heavily wounded.
The bat misses you. The kobold hits you but does no damage.
The jackal completely misses you. The kobold completely misses you.
You hit the jackal.
The jackal is severely wounded.
The bat hits you. The jackal closely misses you. x2
The kobold hits you with a +0 short sword.
* * * LOW HITPOINT WARNING * * *
The jackal barely misses you. The kobold closely misses you.
You are too injured to fight recklessly!
You are too injured to fight recklessly!
You are too injured to fight recklessly!
You are too injured to fight recklessly!
You are too injured to fight recklessly!
You are too injured to fight recklessly!
You hit the jackal.
The jackal is moderately wounded.
The bat closely misses you. The jackal completely misses you.
The jackal closely misses you. The kobold barely misses you.
The kobold closely misses you. The jackal bites you.
* * * LOW HITPOINT WARNING * * *
You hit the jackal.
The jackal is severely wounded.
The bat completely misses you. The jackal closely misses you. x2
The bat misses you. The kobold closely misses you.
The dart slug closely misses you. The kobold misses you. The jackal bites you.
You die...

.. ##### ...
#...# .... #...#
....###...######
......#.........
##.(.(#.........
......wKb.......
#....h@.......
#....Kh...####
#.........#
#.##......# #
######.# #.# #†#
#. #.#
#.#######.#


You could see a dart slug, 2 jackals, a bat and 2 kobolds.

Vanquished Creatures
  A goblin (D:1)
  2 frilled lizards (D:1)
  A kobold (D:1)
  A rat (D:1)
5 creatures vanquished.

Notes
Turn   | Place    | Note
-------+----------+-------------------------------------------
     0 | D:1      | MisterOstroum the Spriggan Warper began the quest for the
                  | Orb.
     0 | D:1      | Reached XP level 1. HP: 10/10 MP: 5/5
    87 | D:1      | Slain by a jackal

Action                   || total
-------------------------++-------
Melee: Short sword       ||    10
Throw: Tomahawk          ||     5
Armor: Robe              ||     3
Dodge: Dodged            ||    24
